 Dungeon Crawl Stone Soup version 0.30.0-13-g156ef70053 (webtiles) character file.

Game seed: 2705924420424202318

373 browni3141 the Trooper (level 6, -2/54 (56) HPs)
             Began as a Minotaur Fighter on May 17, 2023.
             Slain by an adder (3 damage)
             ... on level 4 of the Dungeon.
             The game lasted 00:01:07 (2162 turns).

browni3141 the Trooper (Minotaur Fighter)           Turns: 2162, Time: 00:01:08

HP:   -2/54 (56)    AC: 13    Str: 21    XL:     6   Next: 43%
MP:   5/5           EV:  6    Int:  5    God:
Gold: 126           SH:  5    Dex: 11    Spells: 5/5 levels left

rFire   . . .        a - +0 war axe
rCold   . . .        c - +0 buckler
rNeg    . . .        T - +0 plate armour
rPois   .            (helmet restricted)
rElec   .            V - +0 cloak
rCorr   .            (no gloves)
SInv    .            (no boots)
Will    .....        (no amulet) Stlth
                     (no ring)
HPRegen 0.29/turn    (no ring)
MPRegen 0.09/turn

%: no passive effects
@: lethally poisoned (-2 -> -4), lightly drained
A: horns 2, retaliatory headbutt
a: no special abilities


You were on level 4 of the Dungeon.
You visited 1 branch of the dungeon, and saw 6 of its levels.

You collected 126 gold pieces.

Inventory:

Hand Weapons
 a - a +0 war axe (weapon)
Armour
 b - a +0 scale mail
 c - a +0 buckler (worn)
 T - a +0 plate armour (worn)
 V - a +0 cloak (worn)
Scrolls
 L - a scroll of amnesia {unknown}
 N - 2 scrolls of fear {unknown}
 P - 5 scrolls of identify {unknown}
 Q - a scroll of poison {unknown}
 R - a scroll of vulnerability {unknown}
 U - 2 scrolls of enchant weapon {unknown}
 Y - a scroll of noise {unknown}
 Z - a scroll of teleportation {unknown}
Potions
 K - a potion of brilliance {unknown}
 M - 2 potions of might
 O - 3 potions of curing {unknown}
 S - 2 potions of mutation {unknown}
 W - a potion of resistance {unknown}
 X - a potion of flight {unknown}


   Skills:
 + Level 5.0 Fighting
 + Level 4.3 Axes
 + Level 5.0 Armour
 + Level 2.9 Dodging
 + Level 5.0 Shields


You had 5 spell levels left.
You didn't know any spells.
Your spell library contained the following spells:

 Spells                   Type           Power      Damage    Failure   Level
 Kiss of Death            Conj/Necr      0%         2d5       100%        1
 Summon Small Mammal      Summ           0%         N/A       100%        1
 Call Canine Familiar     Summ           0%         N/A       100%        3
 Summon Guardian Golem    Hex/Summ       0%         N/A       100%        3
 Anguish                  Hex/Necr       0%         N/A       100%        4
 Cause Fear               Hex            0%         N/A       100%        4
 Manifold Assault         Tloc           0%         N/A       100%        4
 Dispersal                Tloc           0%         N/A       100%        6
 Enfeeble                 Hex            0%         N/A       100%        7
 Haunt                    Necr/Summ      0%         N/A       100%        7
 Borgnjor's Revivificati  Necr           0%         N/A       100%        8
 Disjunction              Tloc           0%         N/A       100%        8


Dungeon Overview and Level Annotations

Branches:
Dungeon (6/15)
 Temple: D:4-7

Altars:


Innate Abilities, Weirdness & Mutations

You have a pair of horns on your head.
You reflexively headbutt those who attack you in melee.


Message History

An adder comes into view.
The scorpion barely misses you. You furiously retaliate!
You headbutt the scorpion. The gnoll hits you but does no damage.
You hit the scorpion. Your headbutt misses the scorpion.
The scorpion is moderately wounded.
The scorpion stings you but does no damage.
The gnoll barely misses you.
You barely miss the scorpion. Your headbutt misses the scorpion.
The scorpion is moderately wounded.
The scorpion closely misses you.
The gnoll hits you from afar with a +0 spear.
The scorpion barely misses you.
You hit the scorpion but do no damage.
The scorpion is moderately wounded.
You hit the gnoll.
The scorpion stings you but does no damage.
You block the gnoll's attack.
The gnoll hits you with a +0 whip of draining!
You feel drained. The gnoll barely misses you.
The gnoll hits you but does no damage.
You feel drained. The scorpion stings you.
You are poisoned.
The scorpion poisons you! The gnoll hits you but does no damage.
The gnoll hits you from afar with a +0 halberd.
You barely miss the scorpion.
The scorpion is moderately wounded.
You closely miss the gnoll.
You feel very sick.
The scorpion stings you but does no damage.
You block the gnoll's attack. x2; The gnoll hits you but does no damage.
You slash the scorpion!
The scorpion is severely wounded.
You closely miss the gnoll.
You feel sick.
The scorpion stings you but does no damage.
You block the gnoll's attack. x2; The gnoll hits you but does no damage. x2
A worm comes into view.
The scorpion stings you but does no damage.
You slash the scorpion!
You kill the scorpion!
You hit the gnoll.
You feel sick.
The gnoll throws a throwing net.
The throwing net hits you.
You become entangled in the net!
The gnoll hits you but does no damage.
You feel drained.
The gnoll hits you from afar with a +0 halberd.
The gnoll hits you but does no damage. x2
The gnoll hits you from afar with a +0 spear!
The gnoll hits you but does no damage. x2; You feel drained.
Your Fighting skill increases to level 5!
Your Armour skill increases to level 5!
You struggle against the net.
You feel sick. The gnoll hits you but does no damage.
The gnoll barely misses you.
The gnoll hits you with a +0 whip of draining.
You feel drained. The gnoll hits you but does no damage.
You tear a large gash into the net.
You feel sick. The gnoll barely misses you.
The gnoll hits you but does no damage.
The gnoll hits you from afar with a +0 halberd.
The gnoll barely misses you.
You rip the net and break free!
You feel sick. The gnoll barely misses you. The gnoll completely misses you.
The gnoll hits you but does no damage. x2
You feel sick.
You are no longer poisoned.
Aiming: Iceblast
Press: ? - help, Shift-Dir - straight line, f - gnoll
Aim: a gnoll, wielding a +0 spear The mass of ice explodes!
The iceblast engulfs the gnoll!
You kill the gnoll!
The iceblast engulfs the gnoll!
You kill the gnoll!
The iceblast engulfs the gnoll!
You kill the gnoll!
The now-empty wand crumbles to dust.
The gnoll hits you from afar with a +0 spear.
Your Shields skill increases to level 5!
The adder bites you but does no damage. The gnoll hits you with a +0 spear!
You see here a +0 whip of draining.
You closely miss the adder. Your headbutt misses the adder. You hit the gnoll.
The adder bites you but does no damage. The adder bites you.
You are poisoned.
The adder poisons you! The gnoll hits you but does no damage.
You barely miss the gnoll.
The gnoll is lightly wounded.
You slash the adder!
You feel sick. The adder bites you but does no damage.
The gnoll barely misses you. The adder barely misses you.
You closely miss the adder. Your headbutt misses the adder.
The adder is severely wounded.
You slash the gnoll!
You feel sick. You block the gnoll's attack. The adder bites you.
You are lethally poisoned!
The adder poisons you! You block the gnoll's attack.
You block the adder's attack.
You barely miss the gnoll.
The gnoll is almost dead.
You closely miss the adder.
You feel sick. The adder bites you but does no damage.
The gnoll barely misses you. You furiously retaliate!
You headbutt the gnoll!
You kill the gnoll!
You completely miss the adder. Your headbutt misses the adder.
The adder is severely wounded.
You completely miss the worm.
You feel sick. The adder completely misses you. The adder bites you.
You die...

..... ..... ..... #...
#...########
#..........#
#...S)w.[..#
#...)@.....###### #
#...)...........<..
#..###...†...#####.###
. #...$............
######.........#
###.##....# #.# ...#
#.# .... # #.# ##.


You could see a worm and an adder.

Vanquished Creatures
  A sky beast (D:6)
  A bullfrog (D:5)
  2 scorpions (D:4)
  4 gnolls (D:4)
  An adder (D:4)
  A white imp (D:6)
  An ufetubus (D:6)
  2 dart slugs
  2 orcs
  4 bats
  3 endoplasms
  3 giant cockroaches
  4 goblins
  4 hobgoblins
  4 kobolds
  2 quokkas (D:1)
  2 ball pythons
  4 rats
45 creatures vanquished.

Notes
Turn   | Place    | Note
-------+----------+-------------------------------------------
     0 | D:1      | browni3141 the Minotaur Fighter began the quest for the
                  | Orb.
     0 | D:1      | Reached XP level 1. HP: 19/19 MP: 0/0
   157 | D:1      | Reached XP level 2. HP: 27/27 MP: 1/1
   619 | D:2      | Got the Exposition on Despair
  1201 | D:2      | Found a faded altar of an unknown god.
  1322 | D:2      | Reached XP level 3. HP: 32/33 MP: 2/2
  1540 | D:3      | Reached skill level 3 in Axes
  1937 | D:3      | You fall into a shaft and drop 3 floors!
  1971 | D:6      | Noticed a sky beast
  1984 | D:6      | Killed a sky beast
  1985 | D:6      | Reached XP level 4. HP: 26/41 MP: 3/3
  1985 | D:6      | Reached XP level 5. HP: 30/47 MP: 4/4
  2075 | D:5      | Entered Level 5 of the Dungeon
  2128 | D:4      | Reached XP level 6. HP: 55/55 MP: 5/5
  2162 | D:4      | HP: 1/54 [poisoned by an adder]
  2162 | D:4      | Slain by an adder

Illustrated notes

Levels and vault maps discovered:
D:1:      dpeg_arrival_tiny_g, layout_loops_ring
D:2:      layout_loops_corners, hellmonk_ecumenical_altar_heavens_door,
          kennysheep_generic_room_15
D:3:      layout_loops_ring
D:4:      layout_basic, ebering_ghost_reflecting_pool, dilly_guarded_unrand_morg
D:5:      layout_loops_cross, mainiacjoe_overflow_alcove_4
D:6:      layout_loops_ring, minmay_temple_entry_glass, nicolae_sextant,
          chequers_serial_rivers_small_3, uniq_prince_ribbit1

Skill      XL: |  1  2  3  4  5  6 |
---------------+-------------------+-----
Dodging        | 1 2 |  2.9
Fighting       | 4 5 |  5.0
Armour         | 4 5 |  5.0
Shields        | 4 5 |  5.0
Axes           | 3 4 |  4.3

Action                     |  1- 3 |  4- 6 || total
---------------------------+-------+-------++-------
  Melee: War axe           |    94 |    32 ||   126
         Headbutt          |     9 |     1 ||    10
  Evoke: Wand              |       |     1 ||     1
 Armour: Scale mail        |     9 |       ||     9
         Plate armour      |    49 |    42 ||    91
  Dodge: Dodged            |    29 |    21 ||    50
  Block: Buckler           |    24 |    18 ||    42
